cohdb
Replays
Latest Replays
All Replays
Popular Replays
Top Player Replays
Match Explorer
How It Works
Community
CoH3 Stats
Reddit
Sign in to upload your games and track your stats! →
Sign in with Steam
Match 46211668
Unlisted
Match 46211668
Overview
Messages
Build Orders
End
Construct Section Command Post
Infantry Section
Vickers Machine Gun Team
Infantry Section
Construct Field Infirmary
Royal Engineer Section
Construct Platoon Command Post
Selects Indian Artillery Battlegroup
Selects Valour
Unlock M3 Stuart Light Tanks
Grenade Package
6-pounder Anti-tank Gun Team
Infantry Section
6-pounder Anti-tank Gun Team
Selects Gurkha Rifles Section
Selects Artillery Saturation
Infantry Training
M3 Stuart Light Tank
Selects Pillage
Selects Off-map Airburst Barrage
Разумист
mikec_81
0
0
Comments
sign in to comment!
No comments posted yet!